AoeStats
← yunn champ yunn

Arabia

510315727Analyzed
1v1 RM · 3d ago on Sep 30, 2026· 50m 38s· 2 players
Game mode
Random Map
Map size
Tiny (2 player)
Population
200
Speed
Normal
Resources
Standard
Victory
Conquest
Starting age
Dark Age
Ending age
Imperial Age
RankedLock teamsTeams togetherTeam positionsShared explorationLock speedFull tech treeHidden civsTurbo modeCheats
Victory
Defeat
🇩🇪 Japanese · Germany
607
+16
🇧🇬 Britons · Bulgaria
611
-16
yunn champ yunn
3:27 Loom
10:35 Feudal Age
20:24 Castle Age
18:20 Horse Collar
18:27 Double-Bit Axe
19:13 Fletching
20:14 Arson
21:03 Padded Archer Armor
24:16 Wheelbarrow
23:58 Gold Mining
25:46 Bodkin Arrow
26:08 Leather Archer Armor
29:23 Thumb Ring
29:48 Hand Cart
29:48 Bow Saw
30:42 Bloodlines
31:06 Leather Archer Armor
31:30 Town Watch
33:29 Ballistics
37:05 Husbandry
39:45 Murder Holes
42:24 Imperial Age
40:02 Town Patrol
40:44 Gold Shaft Mining
40:03 Stone Mining
42:30 Heavy Cavalry Archer
43:38 Parthian Tactics
43:40 Conscription
43:43 Kataparuto
44:00 Hoardings
45:53 Bracer
46:24 Ring Archer Armor
Batman
8:22 Loom
10:22 Feudal Age
12:11 Double-Bit Axe
22:51 Castle Age
22:21 Horse Collar
24:13 Bow Saw
23:27 Crossbowman
25:26 Padded Archer Armor
29:03 Fletching
34:10 Bodkin Arrow
34:31 Leather Archer Armor
39:42 Imperial Age
37:42 Ballistics
38:55 Wheelbarrow
42:26 Bracer
42:57 Ring Archer Armor
41:50 Arbalester
44:54 Chemistry
48:27 Light Cavalry
Connection lost

Rejoining the realm…

Still unreachable

The connection could not be restored.

Session expired

The server has moved on; the page needs a fresh start.